 Dungeon Crawl Stone Soup version 0.29.1-4-g47bece8355 (webtiles) character file.

Game seed: 9796419842468599422

88 NegativeXP the Sneak (level 4, 0/27 HPs)
             Began as a Kobold Brigand on Dec 9, 2022.
             Succumbed to an adder's poison
             ... on level 2 of the Dungeon.
             The game lasted 00:05:06 (631 turns).

NegativeXP the Sneak (Kobold Brigand)                Turns: 631, Time: 00:05:06

Health: 0/27       AC:  4    Str:  8    XL:     4   Next: 81%
Magic:  3/3        EV: 14    Int: 12    God:
Gold:   57         SH:  0    Dex: 18    Spells: 3/3 levels left

rFire   + . .      SeeInvis .   h - +0 short sword
rCold   + . .      Faith    .   (no shield)
rNeg    . . .      Spirit   .   b - +0 robe
rPois   +          Reflect  .   (helmet restricted)
rElec   +          Harm     .   c - +0 cloak
rCorr   +          Rampage  .   (no gloves)
Will    .....                   (no boots)
Stlth   +++++.....              (no amulet)
HPRegen 0.09/turn               (no ring)
MPRegen 0.08/turn               (no ring)

@: brilliant, lethally poisoned (0 -> -1), resistant
A: small, no large weapons, nightstalker 3, beak, iridescent scales 1, deformed
body, low MP 1
a: no special abilities


You were on level 2 of the Dungeon.
You visited 1 branch of the dungeon, and saw 2 of its levels.

You collected 57 gold pieces.

Inventory:

Hand Weapons
 a - a +2 dagger
 h - a +0 short sword (weapon)
Missiles
 d - 9 poisoned darts (quivered)
 e - 3 curare-tipped darts
Armour
 b - a +0 robe (worn)
 c - a +0 cloak (worn)
Scrolls
 f - a scroll of fear {unknown}
 j - a scroll of immolation {unknown}
 m - a scroll of teleportation {unknown}
 n - a scroll of identify {unknown}
Potions
 i - 2 potions of might {unknown}
 k - a potion of curing {unknown}


   Skills:
 + Level 2.8 Fighting
 + Level 3.5 Short Blades
 + Level 2.3 Throwing
 + Level 1.5 Dodging
 + Level 7.0 Stealth


You had 3 spell levels left.
You didn't know any spells.
Your spell library was empty.

Dungeon Overview and Level Annotations

Branches:
Dungeon (2/15)

Altars:

Annotations:
D:1 1 runed translucent door


Innate Abilities, Weirdness & Mutations

You are small and have problems with some larger weapons.
You are completely attuned to the shadows.
You have a beak for a mouth.
You are partially covered in iridescent scales. (AC +2)
Armour fits poorly on your strangely shaped body.
Your magical capacity is low. (-10% MP)


Message History

You hit the adder.
The adder is lightly wounded.
The adder closely misses you.
You miss the adder.
The adder is lightly wounded.
The adder bites you.
You are poisoned.
The adder poisons you! The adder bites you.
You are more poisoned.
The adder poisons you!
You miss the adder.
The adder is lightly wounded.
You feel sick. The adder bites you.
Unknown command.
You feel protected.
You feel sick. The adder bites you.
* * * LOW HITPOINT WARNING * * *
Unknown command.
You hit the adder.
The adder is heavily wounded.
* * * LOW HITPOINT WARNING * * *
You feel sick. The adder barely misses you.
You closely miss the adder. You peck the adder.
The adder is almost dead.
* * * LOW HITPOINT WARNING * * *
You feel sick. The adder closely misses you. The adder barely misses you.
You hit the adder.
You kill the adder!
* * * LOW HITPOINT WARNING * * *
You feel sick.
* * * LOW HITPOINT WARNING * * *
You feel sick.
There is an open door, spattered with blood here.
Things that are here:
a +0 club; an adder corpse
There is a lethal amount of poison in your body!
There is a lethal amount of poison in your body!
It was a potion of brilliance.
You feel clever all of a sudden.
You die...

####'##........#.....#
#............#.....#
#............#.....#
#....###.#####.....#
#........# #.....#
#....##### #.....#
#....# #.##### #....#
#.# #....# #@# ######
#....... #.......
#....... ###'####


There were no monsters in sight!

Vanquished Creatures
  A gnoll (D:1)
  5 adders (D:2)
  2 dart slugs (D:1)
  3 ball pythons (D:1)
  6 endoplasms
  A giant cockroach (D:1)
  A hobgoblin (D:2)
  3 jackals (D:2)
  3 kobolds
  A quokka (D:1)
  A bat (D:1)
  A goblin (D:1)
  A rat (D:1)
29 creatures vanquished.

Notes
Turn   | Place    | Note
-------+----------+-------------------------------------------
     0 | D:1      | NegativeXP the Kobold Brigand began the quest for the Orb.
     0 | D:1      | Reached XP level 1. HP: 12/12 MP: 1/1
     1 | D:1      | Found a runed translucent door.
   143 | D:1      | Reached XP level 2. HP: 16/18 MP: 2/2
   210 | D:1      | Reached skill level 6 in Stealth
   215 | D:1      | Reached XP level 3. HP: 22/22 MP: 3/3
   463 | D:2      | Gained mutation: You have a beak for a mouth. [potion of
                  | mutation]
   463 | D:2      | Gained mutation: Armour fits poorly on your strangely
                  | shaped body. [potion of mutation]
   463 | D:2      | Gained mutation: Your magical capacity is low. (-10% MP)
                  | [potion of mutation]
   463 | D:2      | Gained mutation: You are partially covered in iridescent
                  | scales. (AC +2) [potion of mutation]
   507 | D:2      | Reached XP level 4. HP: 27/27 MP: 3/3
   562 | D:2      | Reached skill level 7 in Stealth
   630 | D:2      | HP: 1/27 [poisoned by an adder]
   631 | D:2      | Succumbed to an adder's poison

Illustrated notes

Levels and vault maps discovered:
D:1:      dpeg_arrival_caged_fury, layout_basic,
          dreamdust_ecumenical_altar_hidden_monk_grotto, minivault_5,
          hex_intersection
D:2:      layout_basic, serial_shops, nicolae_diamond_shop, uniq_jessica,
          uniq_natasha

Skill      XL: |  1  2  3  4 |
---------------+-------------+-----
Stealth        | 6 7 |  7.0
Short Blades   | 3 |  3.5
Fighting       | |  2.8
Throwing       | |  2.3
Dodging        | |  1.5

Action                   |  1- 3 |  4- 6 || total
-------------------------+-------+-------++-------
Melee: Dagger            |    21 |       ||    21
       Short sword       |     7 |    42 ||    49
       Peck              |       |     9 ||     9
  Use: Potion            |     3 |     2 ||     5
 Stab: Sleeping          |    11 |       ||    11
       Distracted        |       |     1 ||     1
Armor: Robe              |     1 |     9 ||    10
Dodge: Dodged            |    14 |    56 ||    70
